 Dungeon Crawl Stone Soup version 0.30-a0-948-g4fa250aae5 (webtiles) character file.

Game seed: 8663270004388074067

8132 Zonian the Grappler (level 11, -2/76 HPs)
             Began as a Tengu Gladiator on Mar 26, 2023.
             Was a Priest of Ashenzari.
             Slain by a hornet (9 damage)
             ... while paralysed by a hornet
             ... on level 9 of the Dungeon.
             The game lasted 00:21:36 (12287 turns).

Zonian the Grappler (Tengu Gladiator)              Turns: 12287, Time: 00:21:37

Health: -2/76      AC:  4    Str: 19    XL:     11   Next: 26%
Magic:  12/12      EV:  2    Int:  8    God:    Ashenzari [***...]
Gold:   554        SH:  0    Dex: 16    Spells: 10/10 levels left

rFire   . . .      SeeInvis +      - Unarmed
rCold   . . .      Faith    .    H - +1 buckler of the Sidereal Seer {Melee, Fort} (curse)
rNeg    . . .      Spirit   .    a - +0 leather armour of the Revealing Optimism {Alch, Melee} (curse)
rPois   .          Reflect  .    b - +0 hat of Supernal Wisdom {Bglg, Elem} (curse)
rElec   .          Rampage  .    i - +0 cloak of Ashenzari's Burden {Melee, Range} (curse)
rCorr   .          Clarity  +    (no gloves)
Will    .....                    (boots unavailable)
Stlth   ++                       (no amulet)
HPRegen 0.32/turn                (no ring)
MPRegen 0.13/turn                (no ring)

@: paralysed, flying quickly and evasively, quick
A: beak, talons 3, nimble flight
a: Renounce Religion, Shatter the Chains


You were on level 9 of the Dungeon.
You worshipped Ashenzari.
Ashenzari was most pleased with you.
You visited 3 branches of the dungeon, and saw 11 of its levels.

You collected 554 gold pieces.

Inventory:

Missiles
 l - 33 poisoned darts (quivered)
 o - 20 boomerangs
Armour
 a - the cursed +0 leather armour of the Revealing Optimism (worn) {Alch, Melee}

   It has a curse which improves the following skills: Alchemy: Poison Magic and
   Transmutations.
   Melee Combat: Short Blades, Long Blades, Axes, Maces & Flails, Polearms,
   Staves and Unarmed Combat.
 b - the cursed +0 hat of Supernal Wisdom (worn) {Bglg, Elem}

   It has a curse which improves the following skills: Beguiling: Conjurations,
   Hexes and Translocations.
   Elements:  Fire Magic, Ice Magic, Air Magic and Earth Magic.
 i - the cursed +0 cloak of Ashenzari's Burden (worn) {Melee, Range}
   (You found it on level 2 of the Dungeon)

   It has a curse which improves the following skills: Melee Combat: Short
   Blades, Long Blades, Axes, Maces & Flails, Polearms, Staves and Unarmed
   Combat.
   Ranged Combat: Ranged Weapons and Throwing.
 k - the +0 robe of the Thistle {Drain Dex+5 Archmagi}
   (You found it on level 2 of the Dungeon)

   Dex:       It affects your dexterity (+5).
   Drain:     It drains your maximum health when unequipped.
   Archmagi:  It increases the power of your magical spells.
 B - the +2 ring mail of the Realm of Zot {rN+}
   (You found it on level 5 of the Dungeon)

   rN:        It protects you from negative energy.
 H - the cursed +1 buckler of the Sidereal Seer (worn) {Melee, Fort}
   (You took it off a gnoll sergeant on level 9 of the Dungeon)

   It has a curse which improves the following skills: Melee Combat: Short
   Blades, Long Blades, Axes, Maces & Flails, Polearms, Staves and Unarmed
   Combat.
   Fortitude: Armour and Shields.
Wands
 c - a wand of quicksilver (3)
 x - a wand of flame (28)
 E - a wand of paralysis (6)
Scrolls
 h - a scroll of brand weapon
 q - a scroll of amnesia
 s - a scroll of butterflies
 t - 2 scrolls of blinking
 w - a scroll of noise
 y - a scroll of fog
 z - 2 scrolls of teleportation
 A - a scroll of immolation
 C - a scroll of silence
 F - a scroll of enchant weapon
Potions
 d - a potion of curing
 e - a potion of haste
 f - 2 potions of mutation
 g - a potion of resistance
 j - 5 potions of heal wounds
 m - 2 potions of cancellation
 n - 2 potions of lignification
 p - 4 potions of magic
 r - 3 potions of brilliance
 u - a potion of berserk rage
 v - a potion of ambrosia
 D - a potion of degeneration
 G - a potion of might


   Skills:
 + Level 12.1 Fighting
 - Level 2.2(3.4) Throwing
 - Level 3.4 Dodging
 + Level 2.5 Stealth
 + Level 0.3(0.8) Shields
 + Level 13.3(16.2) Unarmed Combat


You had 10 spell levels left.
You didn't know any spells.
Your spell library contained the following spells:

 Spells                   Type           Power      Damage    Failure   Level
 Cigotuvi's Dreadful Rot  Necr/Pois/Air  0%         N/A       71%         2
 Sublimation of Blood     Necr           0%         N/A       71%         2
 Summon Guardian Golem    Hex/Summ       0%         N/A       90%         3
 Dispel Undead            Necr           0%         3d6       100%        4
 Petrify                  Tmut/Erth      0%         N/A       100%        4
 Irradiate                Conj/Tmut      0%         3d11      100%        5
 Death Channel            Necr           0%         N/A       100%        6
 Orb of Destruction       Conj           0%         9d5       100%        7
 Spellforged Servitor     Conj/Summ      0%         N/A       100%        7


Dungeon Overview and Level Annotations

Branches:
Dungeon (9/15)             Temple (1/1) D:4            Lair (1/5) D:8
    Orc: D:9-12

Altars:
Ashenzari
Cheibriados
Dithmenos
Elyvilon
Fedhas
Gozag
Hepliaklqana
Kikubaaqudgha
Makhleb
Nemelex Xobeh
Okawaru
Qazlal
Ru
Sif Muna
Trog
Uskayaw
Vehumet
Wu Jian
Xom
Yredelemnul
Zin
The Shining One

Shops:
D:1 :   D:9 :

Annotations:
D:2 1 runed translucent door, Crazy Yiuf
D:5 1 runed translucent door, cheesebisquit's ghost, novice TrFi


Innate Abilities, Weirdness & Mutations

You have a beak for a mouth.
You have claws for feet.
Your magical nature lets you fly swiftly and evasively.


Message History

You feel yourself slow down. You block the hornet's attack.
The cyclops closely misses you.
You punch the cyclops! You peck the cyclops, but do no damage.
The cyclops is moderately wounded.
You feel yourself speed up.
You feel very sick. The hornet barely misses you.
Unknown command.
The hornet attacks as you move away! You block the hornet's attack.
You feel sick. The hornet misses you.
You feel sick.
You feel sick.
Unknown command.
Aiming: Quicksilver Bolt
Press: ? - help, Shift-Dir - straight line, f - hornet
Aim: a hornet (57% to hit)
The bolt of dispelling energy hits the hornet!
The hornet is heavily wounded.
You feel sick. You block the hornet's attack. The hornet stings you!
You feel yourself slow down.
You closely miss the hornet. Your kick misses the hornet.
You peck the hornet, but do no damage.
The hornet is heavily wounded.
You feel sick. The hornet completely misses you.
You hit the hornet.
The hornet is heavily wounded.
You feel sick. The hornet closely misses you.
The hornet stings you but does no damage.
Unknown command.
You barely miss the hornet. You claw the hornet, but do no damage.
You peck the hornet.
The hornet is heavily wounded.
You feel yourself speed up.
You feel sick. The hornet misses you. The hornet stings you!
* * * LOW HITPOINT WARNING * * *
You suddenly lose the ability to move!
You feel sick.
You are no longer poisoned.
The hornet stings you!
You die...

* , * .## *, , * * , ,,
..., #. , , , ,,,, #.#
.... * * * , #.###.#.. *
,, #....C..# ,,
,###){.....# , ,
,#VC.......# u # ** # #
*#y##.......####C . ,
.#.####@##..!..#.... .#.
...........#..###.#.#,.#
**, ###...#.##.#..#
#...## .
#....#..##.#..####...###
,..#.....................
,
......##..............#..
*
########........##......#
#................##.###
#.####.............))#


You could see a cyclops, a hornet and a vampire.

Vanquished Creatures
  2 two-headed ogres
  2 elephants (D:8)
  Maurice (D:8)
  A troll (D:8)
  A wraith (D:7)
  A shadow (D:7)
  2 steam dragons
  5 water moccasins
  3 orc warriors
  A black bear (D:7)
  A sky beast (D:6)
  2 ice beasts (D:7)
  3 wolves (D:8)
  An ogre (D:6)
  5 centaurs
  2 kobold brigands
  A phantom (D:5)
  4 bullfrogs
  3 scorpions
  A gnoll sergeant (D:9)
  4 wights
  16 killer bees
  2 electric eels (D:8)
  4 howler monkeys
  4 bullfrog zombies (D:6)
  A centaur zombie (D:6)
  2 bullfrog skeletons (D:6)
  11 hounds
  4 jellies
  4 orc priests
  4 iguanas
  Natasha (thrice) (D:3)
  8 orc wizards
  Robin (D:4)
  3 gnolls (D:4)
  A river rat (D:4)
  9 adders
  A shadow imp (D:6)
  3 white imps
  An ufetubus (D:4)
  3 worms
  5 dart slugs
  37 orcs
  14 ball pythons
  8 bats
  6 endoplasms
  2 giant cockroaches (D:4)
  20 goblins
  7 hobgoblins
  6 jackals
  22 kobolds
  4 quokkas
  3 frilled lizards
  6 rats
  A bush (D:2)
272 creatures vanquished.

Vanquished Creatures (others)
  2 withered plants (D:5)
2 creatures vanquished.

Grand Total: 274 creatures vanquished

Notes
Turn   | Place    | Note
-------+----------+-------------------------------------------
     0 | D:1      | Zonian the Tengu Gladiator began the quest for the Orb.
     0 | D:1      | Reached XP level 1. HP: 12/12 MP: 2/2
   258 | D:1      | Reached XP level 2. HP: 13/17 MP: 3/3
   503 | D:1      | Found Ylapeut's Book Boutique.
   562 | D:1      | Found a faded altar of an unknown god.
   783 | D:1      | Reached XP level 3. HP: 21/22 MP: 4/4
  1039 | D:2      | Reached skill level 4 in Unarmed Combat
  1148 | D:2      | Reached XP level 4. HP: 25/28 MP: 5/5
  1250 | D:2      | Identified the +0 robe of the Thistle {Drain Dex+5
                  | Archmagi}
  1320 | D:2      | Gained mutation: Your magical nature lets you fly swiftly
                  | and evasively. [Tengu growth]
  1320 | D:2      | Reached XP level 5. HP: 31/32 MP: 6/6
  1666 | D:2      | Found a runed translucent door.
  1667 | D:2      | Noticed Crazy Yiuf
  1862 | D:3      | Reached skill level 5 in Unarmed Combat
  1913 | D:3      | Noticed Natasha
  1923 | D:3      | Killed Natasha
  1968 | D:3      | Identified the +0 mace "Omnyh" {spect, rPois Int+3}
  2001 | D:3      | Noticed Natasha
  2006 | D:3      | Killed Natasha
  2007 | D:3      | Reached XP level 6. HP: 39/39 MP: 7/7
  2157 | D:3      | Noticed Natasha
  2405 | D:3      | Killed Natasha
  2457 | D:4      | Reached skill level 6 in Unarmed Combat
  2470 | D:4      | Reached skill level 5 in Fighting
  2475 | D:4      | Found a staircase to the Ecumenical Temple.
  2568 | D:4      | Noticed Robin
  2578 | D:4      | Killed Robin
  2691 | D:4      | Reached XP level 7. HP: 25/44 MP: 8/8
  2782 | Temple   | Entered the Ecumenical Temple
  3071 | Temple   | Became a worshipper of Ashenzari the Shackled
  3877 | D:5      | Entered Level 5 of the Dungeon
  3932 | D:5      | Identified the +2 ring mail of the Realm of Zot {rN+}
  3967 | D:5      | Reached skill level 7 in Unarmed Combat
  4512 | D:5      | Reached XP level 8. HP: 13/52 MP: 9/9
  5108 | D:5      | Found a runed translucent door.
  5108 | D:5      | Noticed cheesebisquit's ghost (novice TrFi)
  5174 | D:5      | Reached skill level 8 in Unarmed Combat
  5933 | D:6      | Reached skill level 9 in Unarmed Combat
  6439 | D:6      | Found a burning altar of Makhleb.
  6549 | D:7      | Reached XP level 9. HP: 59/59 MP: 10/10
  7285 | D:7      | Reached * piety under Ashenzari
  7337 | D:7      | Reached skill level 10 in Unarmed Combat
  8792 | D:7      | Identified the +1 robe "Githuus" {Str+3}
  8792 | D:7      | Identified the Meditations on Spellbinding and Bodies
  8796 | D:7      | Noticed a gargoyle
  8796 | D:7      | Noticed a deep elf pyromancer
  8796 | D:7      | Noticed a troll
  8796 | D:7      | Noticed a gargoyle
  8796 | D:7      | Noticed a gargoyle
  8888 | D:8      | Reached skill level 11 in Unarmed Combat
  8896 | D:8      | Noticed a two-headed ogre
  8904 | D:8      | Killed a two-headed ogre
  8905 | D:8      | Reached skill level 10 in Fighting
  8905 | D:8      | Reached XP level 10. HP: 56/68 MP: 11/11
  9178 | D:8      | HP: 1/68 [orc priest/divine providence (10)]
  9385 | D:8      | Reached skill level 12 in Unarmed Combat
  9741 | D:8      | Noticed Maurice
  9748 | D:8      | Found a staircase to the Lair.
  9784 | D:7      | Reached ** piety under Ashenzari
 10183 | D:8      | Found an iron altar of Okawaru.
 10234 | D:8      | Killed Maurice
 10813 | Lair:1   | Entered Level 1 of the Lair of Beasts
 10813 | Lair:1   | Noticed an elephant
 10813 | Lair:1   | Noticed an elephant
 10813 | Lair:1   | Noticed an elephant
 10813 | Lair:1   | Noticed an elephant
 10813 | Lair:1   | Noticed an elephant
 10813 | Lair:1   | Noticed an elephant
 10845 | D:8      | Killed an elephant
 10851 | D:8      | Killed an elephant
 11228 | D:9      | Found Xobyosa's Book Boutique.
 11318 | D:9      | Reached XP level 11. HP: 50/76 MP: 12/12
 11322 | D:9      | Reached skill level 13 in Unarmed Combat
 11556 | D:9      | Reached skill level 1 in Stealth
 12068 | D:9      | Noticed a two-headed ogre
 12073 | D:9      | Killed a two-headed ogre
 12169 | D:9      | Noticed a red ugly thing
 12169 | D:9      | Noticed a cyclops
 12210 | D:9      | Reached *** piety under Ashenzari
 12265 | D:9      | Noticed a cyclops
 12286 | D:9      | Paralysed by a hornet for 2 turns
 12287 | D:9      | Slain by a hornet

Illustrated notes

Levels and vault maps discovered:
D:1:      giann_wishing_wells, layout_loops_ring,
          hellmonk_ecumenical_altar_crossroads, serial_shops,
          nicolae_shop_advertising_works [nicolae_subvault_shop_adworks],
          minmay_cupped
D:2:      minmay_skewed_foursquare, layout_rooms, due_unseen_surprise,
          uniq_crazy_yiuf_cottage
D:3:      layout_rooms, uniq_natasha
D:4:      layout_cave_pools, temple_statues, lightli_sewer_entry_pipes,
          uniq_robin
D:5:      cheibrodos_helix_gallery, layout_basic, gammafunk_ghost_grave,
          dreamdust_mushroom_princess
D:6:      layout_loops_ring, lightli_temple_of_fire, serial_undead,
          serial_undead_e, serial_undead_e, serial_undead_e, serial_undead_d,
          serial_undead_f, serial_undead_b, chequers_serial_rivers_micro_e,
          chequers_serial_rivers_micro_e
D:7:      minmay_the_grid_triangle_9x9_rhombus_thin
          [minmay_the_grid_triangle_9x9_descending_squares,
          minmay_the_grid_triangle_9x9_prize_top_heavy,
          minmay_the_grid_triangle_9x9_skeleton,
          minmay_the_grid_triangle_9x9_flanged_cone], layout_basic
D:8:      layout_gridville, okawaru_ov_weapons_minmay, erik_lair_island,
          lightli_orcish_oven, uniq_maurice
D:9:      layout_loops_cross, serial_shops, nicolae_shop_behind_doors,
          minmay_bent
Temple:   mainiacjoe_temple_cubbyholes
Lair:1:   layout_long_grid

Skill      XL: |  1  2  3  4  5  6  7  8  9 10 11 |
---------------+----------------------------------+-----
Unarmed Combat | 4 5 6 7 9 11 12 13 | 13.3
Fighting       | 3 4 5 6 8 10 11 12 | 12.1
Stealth        | 2 |  2.5
Throwing       | |  2.2
Dodging        | |  3.4
Shields        | |  0.3

Action                     |  1- 3 |  4- 6 |  7- 9 | 10-12 || total
---------------------------+-------+-------+-------+-------++-------
  Melee: Unarmed           |    86 |   196 |   310 |   196 ||   788
         Kick              |    18 |    75 |   102 |    46 ||   241
         Peck              |     9 |    43 |    63 |    40 ||   155
         Punch             |       |     8 |    19 |     8 ||    35
  Throw: Throwing net      |       |     1 |     3 |       ||     4
         Javelin           |       |     1 |     1 |       ||     2
         Dart              |       |       |     1 |    11 ||    12
         Boomerang         |       |       |       |     1 ||     1
 Invoke: Curse Item        |       |       |     2 |     2 ||     4
  Evoke: Wand              |       |       |       |     4 ||     4
    Use: Scroll            |       |     5 |     8 |     1 ||    14
         Potion            |       |       |     4 |     1 ||     5
   Stab: Sleeping          |       |     3 |     1 |       ||     4
 Armour: Leather armour    |    21 |    25 |    53 |    24 ||   123
  Dodge: Dodged            |    49 |   113 |   180 |   152 ||   494
  Block: Buckler           |       |       |       |     6 ||     6

Table legend: (Time is in decaauts)
 A = Elapsed time spent in this place.
 B = Non-inter-level travel time spent in this place.
 C = Inter-level travel time spent in this place.
 D = Time resting spent in this place.
 E = Time spent auto-exploring this place.
 F = Levels seen in this place.
 G = Mean time per level.
                   A        B        C        D        E       F      G
               +--------+--------+--------+--------+--------+-----+--------+
         Total |  11715 |  11481 |    234 |   3870 |   5503 |  11 | 1065.0 |
       Dungeon |  11406 |  11217 |    189 |   3870 |   5256 |   9 | 1267.3 |
        Temple |    307 |    263 |     44 |      0 |    246 |   1 |  307.0 |
          Lair |      1 |      1 |      0 |      0 |      0 |   1 |    1.0 |
               +--------+--------+--------+--------+--------+-----+--------+

Top non-repeatable levels by time:
     D:7: 2377 daAuts
     D:8: 2079 daAuts
     D:5: 1727 daAuts
     D:4: 1042 daAuts
     D:9: 1028 daAuts
     D:1: 1018 daAuts
     D:6: 817 daAuts
     D:3: 685 daAuts
     D:2: 630 daAuts
  Temple: 307 daAuts
  Lair:1: 1 daAuts
